 Dungeon Crawl Stone Soup version 0.22.1-5-g62c59d9 (webtiles) character file.

14357 HandofTrog the Fighter (level 11, -1/90 HPs)
             Began as a Demonspawn Gladiator on Jan 13, 2019.
             Was a Believer of Ashenzari.
             Killed from afar by a catoblepas (7 damage)
             ... with a blast of calcifying dust
             ... on level 14 of the Dungeon.
             The game lasted 01:36:24 (13161 turns).

HandofTrog the Fighter (Demonspawn Gladiator)      Turns: 13161, Time: 01:36:26

Health: -1/90      AC: 13    Str: 19    XL:     11   Next: 87%
Magic:  10/11      EV: 18    Int:  9    God:    Ashenzari [**....]
Gold:   625        SH: 11    Dex: 16    Spells: 5/10 levels left

rFire    . . .     SeeInvis +     - Unarmed
rCold    + . .     Gourm    .   H - +0 shield
rNeg     . . .     Faith    .   J - +0 troll leather armour (curse)
rPois    .         Spirit   .   c - +1 helmet (curse)
rElec    .         Reflect  .   y - +0 cloak
rCorr    .         Harm     .   (no gloves)
MR       +....                  (no boots)
Stlth    +.........             B - amulet of the acrobat (curse)
HPRegen  0.65/turn              f - +2 ring of strength
MPRegen  0.12/turn              k - +2 ring of evasion

@: about to teleport, sanguine armour, very slightly contaminated
A: claws 2, see invisible, cold resistance 1, magic resistance 1, spiny 2,
evolution 1, freezing cloud immunity, sanguine armour 1
a: Curse Item, Scrying, Renounce Religion


You were on level 14 of the Dungeon.
You worshipped Ashenzari.
Ashenzari was pleased with you.
You were not hungry.

You visited 3 branches of the dungeon, and saw 16 of its levels.
You also visited: Sewer.

You collected 674 gold pieces.
You spent 49 gold pieces at shops.

Inventory:

Hand Weapons
 i - the +7 shortbow of Tenacity {freeze, rF+ rN+ Dex+4}
   (You found it on level 8 of the Dungeon)

   It causes projectiles fired from it to freeze those they strike, causing
   extra injury to most foes and up to half again as much damage against
   particularly susceptible opponents.
   They can also slow down cold-blooded creatures.
   It affects your dexterity (+4).
   It protects you from fire.
   It protects you from negative energy.
 t - a +0 hunting sling
Missiles
 n - 104 arrows
 w - 5 tomahawks (quivered)
 C - 59 sling bullets
Armour
 a - a +0 helmet
 c - a cursed +1 helmet (worn)
 y - a +0 cloak (worn)
 H - a +0 shield (worn)
 I - a +0 robe of magic resistance
 J - a cursed +0 troll leather armour (worn)
Magical Staves
 E - an uncursed staff of summoning
Jewellery
 d - an uncursed ring of protection from fire
 f - a +2 ring of strength (left claw)
 h - an uncursed ring of resist corrosion
 k - a +2 ring of evasion (right claw)
 v - an uncursed ring of see invisible
 z - a +2 ring of intelligence
 A - a cursed ring of teleportation
 B - a cursed amulet of the acrobat (around neck)
Wands
 b - a wand of polymorph (11)
 j - a wand of enslavement (14)
 r - a wand of paralysis (10)
 G - a wand of digging (36)
 M - a wand of flame (26)
 N - a wand of acid (7)
Scrolls
 e - 3 scrolls of identify
 g - 4 scrolls of teleportation
 m - 4 scrolls of enchant weapon
 u - a scroll of enchant armour
 D - 5 scrolls of amnesia
 F - a scroll of fear
 K - 2 scrolls of remove curse
 L - a scroll of random uselessness {unknown}
 P - a scroll of immolation {unknown}
Potions
 l - 3 potions of curing
 o - a potion of degeneration
 p - 3 potions of lignification
 s - a potion of invisibility {unknown}
 x - a potion of might
 O - a potion of berserk rage {unknown}
 Q - a potion of resistance {unknown}
Comestibles
 q - 12 rations
 R - 3 chunks of flesh


   Skills:
 - Level 10.0 Fighting
   Level 3.0 Axes
 - Level 1.8 Throwing
 - Level 2.6 Armour
 + Level 9.0 Dodging
 * Level 7.0 Shields
 - Level 9.2 Unarmed Combat
 - Level 5.2 Necromancy


You had 5 spell levels left.
You knew the following spells:

 Your Spells              Type           Power        Failure   Level  Hunger
a - Animate Skeleton      Necr           N/A          16%         1    ##.....
b - Pain                  Necr           #...         16%         1    ##.....
c - Vampiric Draining     Necr           #.........   43%         3    ####...

Your spell library contained the following spells:

 Spells                   Type           Power        Failure   Level  Hunger
 Apportation              Tloc           #.....       80%         1    ##.....
 Confusing Touch          Hex            #.....       80%         1    ##.....
 Corona                   Hex            #......      80%         1    ##.....
 Freeze                   Ice            #...         80%         1    ##.....
 Infusion                 Chrm           #...         80%         1    ##.....
 Sting                    Conj/Pois      #...         80%         1    ##.....
 Summon Small Mammal      Summ           #...         80%         1    ##.....
 Regeneration             Chrm/Necr      #.........   80%         3    ####...
 Animate Dead             Necr           N/A          85%         4    #####..
 Ensorcelled Hibernation  Hex/Ice        #.....       90%         2    ###....
 Poisonous Vapours        Pois/Air       #.....       90%         2    ###....
 Shroud of Golubria       Chrm/Tloc      #.........   90%         2    ###....
 Song of Slaying          Chrm           #.......     90%         2    ###....
 Throw Frost              Conj/Ice       #.....       90%         2    ###....
 Confuse                  Hex            #.......     99%         3    ####...
 Dazzling Spray           Conj/Hex       #.....       99%         3    ####...
 Mephitic Cloud           Conj/Pois/Air  #.......     99%         3    ####...
 Ozocubu's Armour         Chrm/Ice       #.......     99%         3    ####...
 Spectral Weapon          Hex/Chrm       #.......     99%         3    ####...
 Tukima's Dance           Hex            #.......     99%         3    ####...
 Olgreb's Toxic Radiance  Pois           #.......     100%        4    #####..
 Summon Ice Beast         Ice/Summ       #.......     100%        4    #####..
 Throw Icicle             Conj/Ice       #.......     100%        4    #####..
 Venom Bolt               Conj/Pois      #.........   100%        5    ######.


Dungeon Overview and Level Annotations

Branches:
Dungeon (14/15)            Temple (1/1) D:4            Lair (1/6) D:10
 Vaults (0/5) D:13
    Orc: D:9-12

Altars:
Ashenzari
Cheibriados
Dithmenos
Elyvilon
Fedhas
Gozag
Hepliaklqana
Kikubaaqudgha
Makhleb
Nemelex Xobeh
Okawaru
Qazlal
Ru
Sif Muna
Trog
Uskayaw
Vehumet
Wu Jian
Xom
Yredelemnul
Zin
The Shining One

Shops:
D:4 =   D:9 %

Annotations:
D:5 1 runed door, WarriorsX's ghost, novice DrIE
D:13 Urug


Innate Abilities, Weirdness & Mutations

You have very sharp fingernails.
Your flesh is cold resistant. (rC+)
You are mostly covered in sharp spines.
You are immune to freezing clouds.
When seriously injured, your bleeding wounds create armour. (AC +6)
You have supernaturally acute eyesight. (SInv)
You are resistant to hostile enchantments. (MR+)
You evolve.


Message History

Your yak skeleton is unaffected.
The meliai looks frightened! x3
The catoblepas resists with almost no effort.
Cornered, the meliai turns to fight!
The catoblepas roars fiercely, eyes lowered.
Remove which piece of jewellery? (? for menu, Esc to quit)
Okay, then.
As you read the scroll of teleportation, it crumbles to dust.
You feel strangely unstable.
The meliai calls down the wrath of its god upon you.
Something smites you!
* * * LOW HITPOINT WARNING * * *
The meliai hits you with a war axe!
* * * LOW HITPOINT WARNING * * *
The meliai stings you.
* * * LOW HITPOINT WARNING * * *
The catoblepas breathes a plume of calcifying dust at you.
The blast of calcifying dust hits the meliai.
The blast of calcifying dust hits you!
You die...

,
{#.............####.#
* *
###..#.####......†....
* #......#
#.###.####..
#.####.#.#### #.# #.#
##+ #.....>..# #.# #.#
, #.####.### #.# #.# ,
,* #†# #.# #.# ,, ,
#.#########.# #.# ,
,,, #.ZYy@......# #^#
, ...y....########## *
, *...####.# , , #
***#.# , * ... * *
,#.#,* , , , * , ,
,... * #.# * , ,* ,


You could see a catoblepas, 2 meliai and a friendly yak skeleton.

Vanquished Creatures
  A centaur warrior (D:14)
  3 two-headed ogres
  An unseen horror (D:10)
  A cyclops (D:12)
  2 trolls
  A hornet (D:10)
  A hippogriff (D:12)
  Sigmund (D:2)
  A water elemental (D:12)
  7 humans (D:14)
  9 yaks
  A hungry ghost (D:9)
  3 vampire mosquitoes (D:14)
  A soldier ant (D:11)
  2 water moccasins
  A porcupine (D:10)
  2 orc warriors
  3 phantoms
  3 sky beasts
  2 black bears
  5 ogres
  3 ice beasts
  A necrophage (D:7)
  10 centaurs
  A crocodile (Lair:1)
  A big kobold (D:12)
  13 bullfrogs
  A gnoll sergeant (D:6)
  2 wyvern zombies
  3 scorpions
  6 killer bees (D:9)
  14 wights
  3 howler monkeys
  4 crimson imps
  3 quasits
  A bullfrog zombie (D:8)
  6 centaur zombies
  5 hounds
  A bullfrog skeleton (D:4)
  An orc priest (D:6)
  7 jellies
  4 centaur skeletons
  2 iguanas
  3 orc wizards
  4 worker ants
  A killer bee zombie (D:6)
  A worker ant zombie (D:11)
  3 gnolls (D:6)
  14 adders
  A river rat (D:6)
  A shadow imp (D:9)
  13 oozes
  An adder zombie (D:7)
  An adder skeleton (D:7)
  4 worms
  2 dart slugs
  14 leopard geckos
  16 orcs
  6 ball pythons (Sewer)
  3 bats
  21 giant cockroaches
  11 goblins
  3 hobgoblins
  17 jackals
  11 kobolds
  3 quokkas
  13 frilled lizards
  2 leopard gecko zombies (D:9)
  8 rats
320 creatures vanquished.

Vanquished Creatures (others)
  A fungus (D:10)
  3 plants (Lair:1)
4 creatures vanquished.

Grand Total: 324 creatures vanquished

Notes
Turn   | Place    | Note
-------+----------+-------------------------------------------
     0 | D:1      | HandofTrog the Demonspawn Gladiator began the quest for the
                  | Orb.
     0 | D:1      | Reached XP level 1. HP: 16/16 MP: 1/1
   580 | D:1      | Gained mutation: You have sharp fingernails. [demonic
                  | ancestry]
   580 | D:1      | Reached XP level 2. HP: 22/22 MP: 2/2
   715 | D:1      | Found a sacrificial altar of Ru.
   717 | D:1      | Found a shimmering altar of Xom.
   717 | D:1      | Found a hazy altar of Hepliaklqana.
   719 | D:1      | Found a glowing silver altar of Zin.
   719 | D:1      | Found a glowing golden altar of the Shining One.
   719 | D:1      | Found an ornate altar of the Wu Jian Council.
  1245 | D:1      | Reached XP level 3. HP: 24/28 MP: 3/3
  1887 | D:2      | Noticed Sigmund
  1918 | D:2      | Killed Sigmund
  1918 | D:2      | Reached skill level 5 in Fighting
  1918 | D:2      | Gained mutation: Your flesh is cold resistant. (rC+)
                  | [demonic ancestry]
  1918 | D:2      | Reached XP level 4. HP: 33/39 MP: 4/4
  1918 | D:2      | Reached XP level 5. HP: 37/44 MP: 5/5
  2488 | D:2      | Reached skill level 1 in Unarmed Combat
  2938 | D:2      | Noticed a moth of wrath
  2941 | D:2      | Found a bloodstained altar of Trog.
  3600 | D:4      | Gained mutation: You are partially covered in sharp spines.
                  | [demonic ancestry]
  3600 | D:4      | Reached XP level 6. HP: 51/51 MP: 6/6
  3610 | D:4      | Found a staircase to the Ecumenical Temple.
  3629 | Temple   | Entered the Ecumenical Temple
  3987 | Temple   | Became a worshipper of Ashenzari the Shackled
  4592 | D:4      | Found Vathricust's Jewellery Shoppe.
  4598 | D:4      | Bought a cursed ring of teleportation for 49 gold pieces
  4871 | D:5      | Entered Level 5 of the Dungeon
  4916 | D:5      | Noticed WarriorsX's ghost (novice DrIE)
  4917 | D:5      | Found a runed door.
  4974 | D:5      | Noticed a water moccasin
  4986 | D:5      | Killed a water moccasin
  4986 | D:5      | Gained mutation: You are immune to freezing clouds.
                  | [demonic ancestry]
  4986 | D:5      | Reached XP level 7. HP: 43/56 MP: 7/7
  5185 | D:5      | Found a deep blue altar of Sif Muna.
  5456 | D:6      | Reached skill level 5 in Unarmed Combat
  5557 | D:6      | Found a glowing drain.
  5581 | Sewer    | Entered a sewer
  6021 | Sewer    | Gained mutation: You are mostly covered in sharp spines.
                  | [demonic ancestry]
  6021 | Sewer    | Reached XP level 8. HP: 48/62 MP: 8/8
  6647 | D:6      | Found a deep blue altar of Sif Muna.
  6774 | D:6      | Reached * piety under Ashenzari
  7456 | D:7      | Learned a level 1 spell: Animate Skeleton
  7481 | D:7      | Reached skill level 1 in Armour
  7607 | D:7      | Learned a level 1 spell: Pain
  8016 | D:7      | Gained mutation: You have very sharp fingernails. [demonic
                  | ancestry]
  8016 | D:7      | Reached XP level 9. HP: 64/68 MP: 9/9
  8096 | D:7      | Found a bloodstained altar of Trog.
  8208 | D:7      | Reached skill level 6 in Fighting
  8479 | D:7      | Found a radiant altar of Vehumet.
  8485 | D:7      | Found a snail-covered altar of Cheibriados.
  8485 | D:7      | Found a white marble altar of Elyvilon.
  8489 | D:7      | Found a shadowy altar of Dithmenos.
  8490 | D:7      | Found a stormy altar of Qazlal.
  8680 | D:8      | Reached skill level 7 in Fighting
  9021 | D:8      | Got the shortbow of Tenacity {freeze, rF+ rN+ Dex+4}
  9641 | D:8      | Reached skill level 8 in Fighting
  9650 | D:8      | Reached skill level 5 in Dodging
 10047 | D:9      | Reached XP level 10. HP: 82/82 MP: 10/10
 10490 | D:9      | Found Wetet's Food Boutique.
 10679 | D:9      | Reached skill level 9 in Fighting
 10683 | D:9      | Gained mutation: You are dopey. (Int -2) [potion of
                  | mutation]
 10683 | D:9      | Gained mutation: You tend to lose your temper in combat.
                  | [potion of mutation]
 10683 | D:9      | Gained mutation: You have large cloven feet. [potion of
                  | mutation]
 10864 | D:10     | Entered Level 10 of the Dungeon
 10908 | D:10     | Reached ** piety under Ashenzari
 10914 | D:10     | Paralysed by a hornet for 2 turns
 11121 | D:10     | Noticed an unseen horror
 11140 | D:10     | Killed an unseen horror
 11146 | D:10     | Reached skill level 10 in Fighting
 11240 | D:10     | Noticed a two-headed ogre
 11245 | D:10     | Killed a two-headed ogre
 11254 | D:10     | Learned a level 3 spell: Vampiric Draining
 11261 | D:10     | Lost mutation: You tend to lose your temper in combat.
                  | [potion of mutation]
 11261 | D:10     | Lost mutation: You have large cloven feet. [potion of
                  | mutation]
 11261 | D:10     | Gained mutation: You have supernaturally acute eyesight.
                  | (SInv) [potion of mutation]
 11261 | D:10     | Gained mutation: You are resistant to hostile enchantments.
                  | (MR+) [potion of mutation]
 11261 | D:10     | Gained mutation: You evolve. [potion of mutation]
 11307 | D:10     | Lost mutation: You are dopey. (Int -2) [evolution]
 11309 | D:10     | Reached skill level 1 in Necromancy
 11314 | D:10     | Gained mutation: When seriously injured, your bleeding
                  | wounds create armour. (AC +6) [demonic ancestry]
 11314 | D:10     | Reached XP level 11. HP: 80/90 MP: 11/11
 11690 | D:10     | Found a staircase to the Lair.
 11816 | Lair:1   | Entered Level 1 of the Lair of Beasts
 12284 | D:11     | Noticed a two-headed ogre
 12292 | D:11     | Killed a two-headed ogre
 12765 | D:12     | Noticed a seven-headed hydra
 12770 | D:12     | Reached skill level 5 in Shields
 12777 | D:13     | Found a gate to the Vaults.
 12777 | D:13     | Noticed Urug
 12777 | D:13     | Noticed a centaur warrior
 12777 | D:13     | Noticed a two-headed ogre
 12777 | D:13     | Noticed a seven-headed hydra
 12778 | D:13     | Noticed an unseen horror
 12787 | D:14     | Noticed a deep elf mage
 12788 | D:14     | Noticed a centaur warrior
 12815 | D:14     | Killed a centaur warrior
 12968 | D:14     | Noticed a two-headed ogre
 12975 | D:14     | Killed a two-headed ogre
 13086 | D:14     | Reached skill level 5 in Necromancy
 13129 | D:14     | Noticed a catoblepas
 13161 | D:14     | Killed from afar by a catoblepas

Skill      XL: |  1  2  3  4  5  6  7  8  9 10 11 |
---------------+----------------------------------+-----
Axes           | 3 |  3.0
Fighting       | 5 8 10 | 10.0
Unarmed Combat | 1 4 6 9 |  9.2
Armour         | 1 2 |  2.6
Dodging        | 5 7 9 |  9.0
Shields        | 3 7 |  7.0
Necromancy     | 1 5 |  5.2
Throwing       | |  1.8

Action                   |  1- 3 |  4- 6 |  7- 9 | 10-12 || total
-------------------------+-------+-------+-------+-------++-------
Melee: War axe           |    23 |       |       |       ||    23
       Unarmed           |   112 |   101 |   416 |   363 ||   992
       Scythe            |       |    67 |       |       ||    67
       Kick              |       |       |       |    25 ||    25
Throw: Throwing net      |     3 |       |       |     1 ||     4
       Tomahawk          |       |       |       |     4 ||     4
 Cast: Animate Skeleton  |       |       |       |     1 ||     1
Invok: Curse Item        |       |       |     2 |     1 ||     3
Evoke: Wand              |       |     4 |     3 |     5 ||    12
  Use: Potion            |     3 |       |     8 |     3 ||    14
       Scroll            |     4 |       |     6 |     6 ||    16
 Stab: Held in net/web   |     2 |       |       |       ||     2
       Sleeping          |       |       |     1 |     1 ||     2
  Eat: Ration            |     1 |     3 |     5 |     3 ||    12
Armor: Leather armour    |     5 |       |       |       ||     5
       Ring mail         |    28 |    57 |    59 |       ||   144
       Robe              |       |       |    16 |     2 ||    18
       Troll leather arm |       |       |       |    56 ||    56
Dodge: Dodged            |    68 |   121 |   203 |   208 ||   600
Block: Shield            |       |       |   145 |   147 ||   292
